 Dungeon Crawl Stone Soup version 0.24.0-13-gcf9b319 (webtiles) character file.

Game seed: 12722970311862543483, levelgen mode: deterministic

156 Bronimir the Ogre Mage (level 5, 0/48 HPs)
             Began as an Ogre Fire Elementalist on Apr 19, 2020.
             Slain by a leopard gecko (4 damage)
             ... on level 3 of the Dungeon.
             The game lasted 00:08:34 (3383 turns).

Bronimir the Ogre Mage (Ogre Fire Elementalist)     Turns: 3383, Time: 00:08:35

Health: 0/48       AC:  4    Str: 13    XL:     5   Next: 38%
Magic:  4/10       EV: 10    Int: 16    God:
Gold:   85         SH:  0    Dex:  9    Spells: 1/11 levels left

rFire    . . .     SeeInvis .   a - +0 morningstar
rCold    . . .     Gourm    .   (no shield)
rNeg     . . .     Faith    .   j - +0 robe
rPois    .         Spirit   .   (helmet restricted)
rElec    .         Reflect  .   r - +0 cloak
rCorr    .         Harm     .   (gloves unavailable)
MR       .....                  (boots unavailable)
Stlth    +.........             (no amulet)
HPRegen  0.16/turn              (no ring)
MPRegen  0.12/turn              (no ring)

@: very slightly contaminated
A: large, unfitting armour, tough skin 1
a: no special abilities


You were on level 3 of the Dungeon.
You were not hungry.

You visited 1 branch of the dungeon, and saw 3 of its levels.

You collected 85 gold pieces.

Inventory:

Hand Weapons
 a - a +0 morningstar (weapon)
 b - a +0 club
 n - a +0 flail
Missiles
 e - 49 bolts
 f - 38 stones (quivered)
 o - 8 poisoned darts
Armour
 g - a +0 ring mail
 j - a +0 robe (worn)
 r - a +0 cloak (worn)
Scrolls
 d - a scroll of random uselessness {unknown}
 h - a scroll of fear {unknown}
 i - a scroll of teleportation {unknown}
 l - a scroll of fog {unknown}
 m - 5 scrolls of identify {unknown}
 q - a scroll of remove curse {unknown}
Potions
 k - a potion of invisibility {unknown}
 p - a potion of haste {unknown}
Comestibles
 c - 3 rations
 s - 2 chunks of flesh


   Skills:
 + Level 1.2 Fighting
 * Level 1.2 Maces & Flails
 * Level 2.7 Dodging
 - Level 1.4 Stealth
 * Level 3.5 Spellcasting
 * Level 2.0 Conjurations
 * Level 3.3 Fire Magic


You had one spell level left.
You knew the following spells:

 Your Spells              Type           Power        Failure   Level  Hunger
a - Flame Tongue          Conj/Fire      ##...        6%          1    None
b - Throw Flame           Conj/Fire      ##....       9%          2    ##.....
c - Conjure Flame         Conj/Fire      ##......     17%         3    ###....
d - Sticky Flame          Conj/Fire      ##......     50%         4    ####...

Your spell library contained the following spells:

 Spells                   Type           Power        Failure   Level  Hunger
 Inner Flame              Hex/Fire       #.......     26%         3    ###....
 Fireball                 Conj/Fire      ##........   85%         5    ######.


Dungeon Overview and Level Annotations

Branches:
Dungeon (3/15)

Altars:
Cheibriados


Innate Abilities, Weirdness & Mutations

You are too large for most types of armour.
You have tough skin. (AC +1)


Message History

The flame tongue misses the leopard gecko.
The flame tongue misses the orc priest.
The leopard gecko barely misses you. The orc closely misses you.
The orc priest calls down the wrath of Beogh upon you.
Beogh smites you!
* * * LOW HITPOINT WARNING * * *
You barely miss the leopard gecko.
The leopard gecko is moderately wounded.
The leopard gecko bites you.
* * * LOW HITPOINT WARNING * * *
The orc barely misses you. The leopard gecko bites you.
* * * LOW HITPOINT WARNING * * *
The orc hits you with a cursed -3 whip.
* * * LOW HITPOINT WARNING * * *
The leopard gecko bites you.
* * * LOW HITPOINT WARNING * * *
Things that are here:
a +2 dagger of freezing; 2 stones; a kobold corpse The leopard gecko bites you.
You die...

..# #.#.##...# ..#
###.#......# ..
#...####...# #
#####.#####....#
##.##..............#
##.....<...######...#
#..(##..#..# #####
#(...##.##
.####...#.@# .
.........l###....
####...†..)o..$..
#.....##......
#.###.. ...... #.
#### ..... .. .....
.# .... .. ....


You could see a leopard gecko.

Vanquished Creatures
  An orc wizard (D:2)
  3 adders
  3 worms
  A dart slug (D:2)
  6 leopard geckos
  5 orcs
  8 bats
  7 giant cockroaches
  13 goblins
  7 hobgoblins
  2 jackals (D:2)
  11 kobolds
  A quokka (D:2)
  4 frilled lizards
  5 rats
77 creatures vanquished.

Notes
Turn   | Place    | Note
-------+----------+-------------------------------------------
     0 | D:1      | Bronimir the Ogre Fire Elementalist began the quest for the
                  | Orb.
     0 | D:1      | Reached XP level 1. HP: 16/16 MP: 3/3
    70 | D:1      | Reached skill level 1 in Conjurations
    92 | D:1      | Reached XP level 2. HP: 15/26 MP: 1/5
   621 | D:1      | Reached XP level 3. HP: 28/32 MP: 0/7
  1094 | D:1      | Learned a level 2 spell: Throw Flame
  1098 | D:1      | Learned a level 3 spell: Conjure Flame
  1576 | D:2      | Reached XP level 4. HP: 38/40 MP: 3/8
  1594 | D:2      | Reached skill level 1 in Fighting
  2330 | D:2      | Reached skill level 1 in Maces & Flails
  2330 | D:2      | Reached XP level 5. HP: 37/48 MP: 8/10
  2336 | D:2      | Learned a level 4 spell: Sticky Flame
  3260 | D:3      | Found a snail-covered altar of Cheibriados.
  3383 | D:3      | Slain by a leopard gecko

Levels and vault maps discovered:
D:1:      dpeg_arrival_tiny_c, layout_basic, hangedman_glass_garden
D:2:      layout_basic, chequers_serial_rivers_micro_b
D:3:      layout_rooms, cheibriados_altar_1

Skill      XL: |  1  2  3  4  5 |
---------------+----------------+-----
Conjurations   | 1 2 |  2.0
Dodging        | 2 |  2.7
Fire Magic     | 3 |  3.3
Spellcasting   | 3 |  3.5
Fighting       | 1 |  1.2
Maces & Flails | 1 |  1.2
Stealth        | |  1.4

Action                   |  1- 3 |  4- 6 || total
-------------------------+-------+-------++-------
Melee: Club              |    57 |       ||    57
       Flail             |     5 |    14 ||    19
       Morningstar       |       |    83 ||    83
 Cast: Flame Tongue      |    56 |    45 ||   101
 Stab: Sleeping          |     2 |     1 ||     3
  Eat: Chunk             |     2 |     3 ||     5
       Ration            |       |     1 ||     1
Armor: Robe              |    33 |    69 ||   102
Dodge: Dodged            |    63 |    93 ||   156
